 Dungeon Crawl Stone Soup version 0.20-a0-809-gaf7f668 (webtiles) character file.

947 Eptagon the Chopper (level 8, -4/51 HPs)
             Began as a Gargoyle Berserker on Mar 3, 2017.
             Was a Priest of Trog.
             Slain by a two-headed ogre
             ... wielding a +0 giant club
              (7 damage)
             ... on level 4 of the Dungeon.
             The game lasted 00:05:10 (2915 turns).

Eptagon the Chopper (Gargoyle Berserker)            Turns: 2915, Time: 00:05:11

Health: -4/51      AC: 12    Str: 23    XL:     8   Next: 13%
Magic:  8/8        EV: 10    Int:  8    God:    Trog [***...]
Gold:   142        SH:  0    Dex:  9    Spells: 7/7 levels left

rFire    . . .     SeeInvis .   a - +0 hand axe
rCold    . . .     Gourm    .   n - +0 scale mail
rNeg     + . .     Faith    .   (no shield)
rPois    ∞         Spirit   .   (no helmet)
rElec    +         Reflect  .   (no cloak)
rCorr    .         Harm     .   (no gloves)
MR       .....                  (no boots)
Stlth    +.........             (no amulet)
Regen    0.2/turn               (no ring)
MPRegen  0.2/turn               f - ring of stealth

@: exhausted, slowed, very slow
A: negative energy resistance 1, electricity resistance, unbreathing,
petrification resistance, rot immunity, AC +5
a: Berserk, Trog's Hand, Burn Spellbooks, Renounce Religion


You were on level 4 of the Dungeon.
You worshipped Trog.
Trog was most pleased with you.
You were hungry.

You visited 1 branch of the dungeon, and saw 4 of its levels.

You collected 142 gold pieces.

Inventory:

Hand Weapons
 a - a +0 hand axe (weapon)
Armour
 n - a +0 scale mail (worn)
Jewellery
 f - a ring of stealth (left hand)
 m - an uncursed ring of stealth
Wands
 r - a wand of lightning (1/15)
Scrolls
 h - 3 scrolls of magic mapping
 j - a scroll of random uselessness {unknown}
 l - a scroll of teleportation
 s - a scroll of immolation {unknown}
Potions
 b - 3 potions of heal wounds {unknown}
 d - a potion of cancellation {unknown}
 e - a potion of resistance
 o - 2 potions of agility {unknown}
 p - a potion of flight {unknown}
 t - a potion of ambrosia {unknown}
Comestibles
 c - a bread ration
 i - 16 fruits
 k - 3 royal jellies
 q - a meat ration


   Skills:
 + Level 6.0 Fighting
 * Level 6.4 Axes
 + Level 5.2 Armour
 - Level 1.5 Dodging


You had 7 spell levels left.
You didn't know any spells.

Dungeon Overview and Level Annotations

Branches:
Dungeon (4/15)
 Temple: D:4-7

Altars:
Elyvilon
Makhleb
Qazlal
Trog
Uskayaw
Vehumet
The Shining One


Innate Abilities, Weirdness & Mutations

You are resistant to torment.
Your stone body is resilient. (AC +5)
You are immune to poison.
You resist negative energy. (rN+)
You are resistant to electric shocks. (rElec)
You can survive without breathing.
You are immune to petrification.
You are immune to rotting.


Message History

You are exhausted.
You feel yourself slow down.
You start resting.
HP restored.
You are feeling hungry.
A two-headed ogre comes into view. It is wielding two giant clubs.
The two-headed ogre shouts in stereo!
A two-headed ogre is nearby!
You're too exhausted to go berserk.
You hit the two-headed ogre.
The two-headed ogre is lightly wounded.
The two-headed ogre barely misses you.
The two-headed ogre hits you with a giant club!!
The two-headed ogre hits you with a giant club!
The two-headed ogre barely misses you.
You hit the two-headed ogre.
The two-headed ogre is lightly wounded.
The two-headed ogre hits you with a giant club!!
* * * LOW HITPOINT WARNING * * *
The two-headed ogre hits you with a giant club!
You die...

#.##.......#
#.##.......# #
#..........# #.
#..........#
#.#
####..........#
##..
#........##...#
....
#........##...#
###
#$.......####.#
## #.....@..#
.# #.
#.....O..# # #.
#........#
#####.
#..........
.......
#........###
######.
#........#
.....
####.#####
####. #. #. #.


You could see a two-headed ogre.

Vanquished Creatures
  Grinder (D:3)
  Menkaure (D:4)
  Edmund (D:4)
  Purgy (D:3)
  An ogre (D:4)
  The ghost of morra the Ruffian, a weakling DrTm of Xom (D:3)
  A crimson imp (D:3)
  An iguana (D:4)
  Ijyb (D:3)
  A worker ant (D:4)
  8 gnolls
  2 adders
  3 worms
  3 dart slugs
  3 leopard geckos
  An orc (D:4)
  2 ball pythons
  9 bats
  6 giant cockroaches
  13 goblins
  6 hobgoblins
  2 jackals (D:3)
  A quokka (D:2)
  5 frilled lizards
  12 kobolds
  6 rats
92 creatures vanquished.

Notes
Turn   | Place    | Note
-------+----------+-------------------------------------------
     0 | D:1      | Eptagon the Gargoyle Berserker began the quest for the Orb.
     0 | D:1      | Reached XP level 1. HP: 14/14 MP: 1/1
   182 | D:1      | Reached XP level 2. HP: 17/19 MP: 2/2
   342 | D:1      | Reached XP level 3. HP: 23/24 MP: 3/3
   670 | D:2      | Found a stormy altar of Qazlal.
   754 | D:2      | Found a white marble altar of Elyvilon.
   756 | D:2      | Found a hide-covered altar of Uskayaw.
   756 | D:2      | Found a burning altar of Makhleb.
   757 | D:2      | Found a bloodstained altar of Trog.
   880 | D:2      | Reached ** piety under Trog
  1069 | D:2      | Reached XP level 4. HP: 28/29 MP: 4/4
  1362 | D:3      | Noticed Purgy
  1379 | D:3      | Killed Purgy
  1379 | D:3      | Reached XP level 5. HP: 34/34 MP: 5/5
  1403 | D:3      | Noticed morra's ghost (weakling DrTm)
  1420 | D:3      | Killed morra's ghost
  1506 | D:3      | Reached *** piety under Trog
  1557 | D:3      | Noticed Ijyb
  1570 | D:3      | Killed Ijyb
  1570 | D:3      | Reached XP level 6. HP: 29/39 MP: 6/6
  1624 | D:3      | Noticed Grinder
  1628 | D:3      | Found a radiant altar of Vehumet.
  1633 | D:3      | Killed Grinder
  1633 | D:3      | Reached skill level 5 in Fighting
  1633 | D:3      | Reached skill level 5 in Axes
  1639 | D:3      | Reached XP level 7. HP: 44/44 MP: 7/7
  2154 | D:3      | Found a glowing golden altar of the Shining One.
  2742 | D:4      | Noticed Edmund
  2762 | D:4      | Killed Edmund
  2762 | D:4      | Reached skill level 5 in Armour
  2890 | D:4      | Noticed Menkaure
  2900 | D:4      | Killed Menkaure
  2900 | D:4      | Reached XP level 8. HP: 51/51 MP: 8/8
  2911 | D:4      | Noticed a two-headed ogre
  2915 | D:4      | Slain by a two-headed ogre

Vault maps used:
D:1:      saegor_arrival_simple_c
D:2:      chequers_temple_overflow_statue_of_worship,
          nicolae_qazlal_eye_of_the_storm, minmay_joined_circles
D:3:      old_standard_altar, nicolae_tso_swordbearing_angel, uniq_grinder,
          uniq_iyjb, uniq_purgy
D:4:      uniq_menkaure, uniq_edmund

Skill      XL: |  1  2  3  4  5  6  7 |
---------------+----------------------+-----
Axes           | 3 4 5 6 |  6.4
Fighting       | 4 5 6 |  6.0
Armour         | 3 4 5 |  5.2
Dodging        | |  1.5

Action                   |  1- 3 |  4- 6 |  7- 9 || total
-------------------------+-------+-------+-------++-------
Melee: Hand axe          |   120 |    95 |   126 ||   341
Invok: Berserk           |     2 |     4 |     3 ||     9
  Use: Scroll            |       |     2 |     1 ||     3
 Stab: Sleeping          |       |     1 |       ||     1
  Eat: Chunk             |     2 |     5 |     8 ||    15
Armor: Animal skin       |     9 |       |       ||     9
       Leather armour    |    49 |    24 |       ||    73
       Scale mail        |       |    27 |    68 ||    95
Dodge: Dodged            |    89 |    78 |    57 ||   224
